 Dungeon Crawl Stone Soup version 0.30.0-15-g856e2d3f33 (webtiles) character file.

Game seed: 16431243186983032555

2559 browni3141 the Thaumaturge (level 9, -2/57 HPs)
             Began as a Mummy Summoner on May 19, 2023.
             Was a Follower of Kikubaaqudgha.
             Shot with an arrow by a centaur (14 damage)
             ... on level 7 of the Dungeon.
             The game lasted 00:31:30 (2693 turns).

browni3141 the Thaumaturge (Mummy Summoner)         Turns: 2693, Time: 00:31:31

Health: -2/57      AC:  4    Str: 11    XL:     9   Next: 31%
Magic:  0/21       EV: 17    Int: 25    God:    Kikubaaqudgha [*.....]
Gold:   233        SH:  0    Dex: 12    Spells: 1/24 levels left

rFire   x . .        M - +3 spear (freeze)
rCold   + . .        (no shield)
rNeg    + + +        a - +0 robe
rPois   ∞            (no helmet)
rElec   .            c - +0 cloak
rCorr   .            W - +0 pair of gloves
SInv    .            (no boots)
Will    +....        V - amulet of guardian spirit
Stlth   ++           L - +5 ring of evasion
HPRegen 0.29/turn    X - +6 ring of intelligence
MPRegen 0.17/turn

%: guardian spirit, faith
@: no status effects
A: cold resistance 1, negative energy resistance 3, torment resistance 2, heat
vulnerability 1, in touch with death 1, no potions, faith
a: Renounce Religion, Unearth Wretches


You were on level 7 of the Dungeon.
You worshipped Kikubaaqudgha.
Kikubaaqudgha was aware of your devotion.
You visited 1 branch of the dungeon, and saw 7 of its levels.

You collected 233 gold pieces.

Inventory:

Hand Weapons
 d - a +0 short sword
 M - a +3 spear of freezing (weapon)
 Z - a +0 whip of freezing
Missiles
 J - 12 poisoned darts
Armour
 a - a +0 robe (worn)
 c - a +0 cloak (worn)
 W - a +0 pair of gloves (worn)
Jewellery
 L - a +5 ring of evasion (left hand)
 P - a ring of resist corrosion
 T - a ring of flight
 V - an amulet of guardian spirit (around neck)
 X - a +6 ring of intelligence (right hand)
 Y - a ring of protection from fire
Wands
 p - a wand of polymorph (3)
Scrolls
 F - a scroll of fog
 K - a scroll of enchant weapon
 N - 3 scrolls of teleportation
 O - 4 scrolls of poison
 Q - a scroll of noise
 R - a scroll of amnesia {unknown}
 S - 2 scrolls of blinking
 U - a scroll of magic mapping {unknown}


   Skills:
 - Level 1.5 Dodging
 - Level 1.5 Stealth
 * Level 8.2 Spellcasting
 - Level 3.0 Hexes
 * Level 7.5 Summonings
 * Level 4.9 Necromancy
 - Level 3.0 Translocations


You had one spell level left.
You knew the following spells:

 Your Spells              Type           Power      Damage    Failure   Level
a - Call Canine Familiar  Summ           48%        N/A       1%          3
d - Animate Dead          Necr           51%        N/A       8%          4
g - Summon Guardian Gole  Hex/Summ       36%        N/A       1%          3
l - Summon Lightning Spi  Summ/Air       29%        N/A       12%         4
u - Dispel Undead         Necr           51%        3d19      8%          4
x - Call Imp              Summ           96%        N/A       1%          2
z - Summon Small Mammal   Summ           100%       N/A       1%          1
B - Blink                 Tloc           50%        N/A       2%          2

Your spell library contained the following spells:

 Spells                   Type           Power      Damage    Failure   Level
 Apportation              Tloc           50%        N/A       1%          1
 Necrotise                Necr           100%       1d9       1%          1
 Kiss of Death            Conj/Necr      100%       2d13      2%          1
 Lesser Beckoning         Tloc           50%        N/A       2%          2
 Cigotuvi's Dreadful Rot  Necr/Pois/Air  54%        N/A       4%          2
 Ensorcelled Hibernation  Hex/Ice        34%        N/A       4%          2
 Momentum Strike          Conj/Tloc      34%        3d8       4%          2
 Gell's Gravitas          Tloc           25%        N/A       5%          3
 Teleport Other           Tloc           25%        N/A       5%          3
 Passwall                 Tmut/Erth      8%         N/A       9%          2
 Swiftness                Air            10%        N/A       19%         3
 Death Channel            Necr           25%        N/A       77%         6
 Summon Hydra             Summ           24%        N/A       92%         7
 Dispersal                Tloc           12%        N/A       95%         6
 Sublimation of Blood     Necr           Unusable   N/A       N/A         2
 Wereblood                Tmut           Unusable   N/A       N/A         2

Dungeon Overview and Level Annotations

Branches:
Dungeon (7/15)
 Temple: D:4-7

Altars:
Fedhas
Kikubaaqudgha
Sif Muna
Uskayaw
Vehumet

Annotations:
D:2 Natasha


Innate Abilities, Weirdness & Mutations

You are immune to poison.
Your flesh is cold resistant. (rC+)
You are immune to negative energy. (rN+++)
You are immune to unholy pain and torment.
You are vulnerable to heat. (rF-)
You are in touch with the powers of death.
You do not drink.
You have a special connection with the divine. (Faith)


Message History

a +0 quarterstaff; a +0 robe
Casting: Call Canine Familiar (safe; 1% risk of failure)
Confirm with . or Enter, or press ? or * to list all spells.
A guardian golem appears, shielding your allies.
The bullfrog barely misses you. The bullfrog misses you.
The bullfrog hits you but does no damage.
You swap places.
The bullfrog hits your guardian golem.
The bullfrog swells and bulges.
The bullfrog hits your guardian golem. The bullfrog hits your guardian golem.
The bullfrog hits your guardian golem but does no damage.
The bullfrog hits your guardian golem.
The bullfrog hits your guardian golem but does no damage.
Casting: Summon Guardian Golem (safe; 1% risk of failure)
Confirm with . or Enter, or press ? or * to list all spells.
The bullfrog hits your guardian golem but does no damage. x2
Your wolf closely misses the shadow imp.
The bullfrog hits your guardian golem.
You hit the shadow imp.
The shadow imp is heavily wounded.
Your wolf closely misses the shadow imp.
The bullfrog hits your guardian golem!
Your wolf bites the shadow imp.
The shadow imp misses you.
The bullfrog hits your guardian golem but does no damage.
You hit the shadow imp.
The shadow imp is almost dead.
Your wolf barely misses the shadow imp.
The bullfrog hits your guardian golem but does no damage.
The shadow imp barely misses you.
Your wolf bites the shadow imp.
The shadow imp dies!
Kikubaaqudgha accepts your kill. The bullfrog hits your guardian golem.
The bullfrog hits your guardian golem but does no damage.
Your guardian golem overheats!
The bullfrog hits your guardian golem but does no damage.
The bullfrog hits your guardian golem. Flame seeps out of your guardian golem.
The bullfrog hits your guardian golem but does no damage.
Your guardian golem is engulfed in blazing flames.
Flame seeps out of your guardian golem.
Your wolf bites the bullfrog!
The bullfrog hits your guardian golem. Flame seeps out of your guardian golem.
Your wolf bites the bullfrog.
Your guardian golem is engulfed in blazing flames.
Flame seeps out of your guardian golem.
The bullfrog hits your guardian golem but does no damage.
Your wolf bites the bullfrog!
The bullfrog hits your guardian golem.
Your guardian golem disappears in a puff of smoke!
Your guardian golem explodes!
The fiery explosion engulfs the bullfrog!!
The bullfrog dies!
Kikubaaqudgha accepts your kill.
The fiery explosion engulfs your wolf!!!
A centaur comes into view.
Your wolf is engulfed in blazing flames.
Your wolf dies!
Your wolf's corpse disappears in a puff of smoke!
The centaur wields a +0 shortbow.
The centaur shoots an arrow.
The arrow hits you.
Casting: Call Canine Familiar (safe; 1% risk of failure)
Confirm with . or Enter, or press ? or * to list all spells.
A guardian golem appears, shielding your allies.
The centaur shoots an arrow.
The arrow hits you.
The centaur shoots an arrow.
The arrow hits you!
The centaur shoots an arrow.
The arrow hits your guardian golem!
The centaur unwields a +0 shortbow.
The centaur hits your guardian golem but does no damage.
The centaur kicks your guardian golem but does no damage.
The centaur wields a +0 shortbow.
The centaur shoots an arrow.
The arrow completely misses your guardian golem.
The arrow hits you.
The centaur shoots an arrow.
The arrow hits your guardian golem.
The centaur shoots an arrow.
The arrow hits your guardian golem.
The centaur shoots an arrow.
The arrow hits your guardian golem! The arrow freezes your guardian golem.
The centaur shoots an arrow.
The arrow hits your guardian golem but does no damage.
Your guardian golem overheats!
The centaur shoots an arrow.
The arrow hits your guardian golem! Flame seeps out of your guardian golem.
The arrow freezes your guardian golem. Flame seeps out of your guardian golem.
The centaur shoots an arrow.
The arrow hits your guardian golem. Flame seeps out of your guardian golem.
The centaur shoots an arrow.
The arrow hits your guardian golem. Flame seeps out of your guardian golem.
The arrow freezes your guardian golem. Flame seeps out of your guardian golem.
The centaur shoots an arrow.
The arrow hits your guardian golem!
Your guardian golem disappears in a puff of smoke!
Your guardian golem explodes!
The fiery explosion engulfs you!! The fire burns you terribly!
* * * LOW HITPOINT WARNING * * *
The fiery explosion engulfs the centaur!!
The centaur dies!
Kikubaaqudgha accepts your kill.
You hear a shout!
Casting: Summon Guardian Golem (safe; 1% risk of failure)
Confirm with . or Enter, or press ? or * to list all spells.
You don't have enough magic to cast this spell.
Casting: Call Imp (safe; 1% risk of failure)
Press: ? - help, Q - select action, (/) - cycle Dir - look around, f - activate A tiny devil pulls itself out of the air.
The centaur shoots an arrow.
The arrow hits you!
You die...
Kikubaaqudgha rasps: "You have failed me!
Welcome... oblivion!"

#.# #..## ####.#
####..### #....#
#........ #....#
#...##.5#
###....###...#..59
#............#.#..
#..5.........#....
#............#####
#@..÷............
#§§.........#####
#######°§.........#
#.....°§§.........#
######c###........#
##........###.######
#..........##.#
#............#.#####
#..........c.##....######


You could see a centaur (ally target) and a friendly cerulean imp (summoned).

Vanquished Creatures
  A bullfrog zombie (D:6)
  A hound (D:5)
  A jelly (D:4)
  A bullfrog skeleton (D:6)
  2 adders
  2 orcs
  3 endoplasms
  2 goblins
  3 hobgoblins
  2 bats
  A rat (D:1)
19 creatures vanquished.

Vanquished Creatures (collateral kills)
  Pikel (D:7)
  Sigmund (D:5)
  A swamp drake (D:6)
  2 ice beasts
  A water moccasin (D:7)
  A black bear (D:5)
  A lemure (D:7)
  2 phantoms
  Blork the orc (D:4)
  A nameless horror (D:6)
  A wyvern zombie (D:6)
  A wight (D:6)
  A centaur zombie (D:6)
  An orc priest (D:5)
  3 hounds
  2 iguanas
  4 orc wizards
  4 adders
  A shadow imp (D:7)
  2 worms
  A dart slug (D:4)
  8 orcs
  3 ball pythons (D:4)
  An endoplasm (D:2)
  A giant cockroach (D:3)
  3 hobgoblins
  3 kobolds
  2 quokkas
  A bat (D:1)
  A frilled lizard (D:2)
  3 goblins (D:4)
  3 rats (D:1)
62 creatures vanquished.

Vanquished Creatures (others)
  A water moccasin (D:7)
  An ogre (D:5)
  A lemure (D:7)
  A centaur (D:7)
  A bullfrog (D:7)
  A wyvern skeleton (D:6)
  A water moccasin zombie (D:6)
  3 wights (D:6)
  A howler monkey (D:6)
11 creatures vanquished.

Grand Total: 92 creatures vanquished

Notes
Turn   | Place    | Note
-------+----------+-------------------------------------------
     0 | D:1      | browni3141 the Mummy Summoner began the quest for the Orb.
     0 | D:1      | Reached XP level 1. HP: 13/13 MP: 4/4
    59 | D:1      | Reached skill level 3 in Spellcasting
   175 | D:2      | Noticed Natasha
   187 | D:2      | Noticed a cerulean imp
   329 | D:1      | Reached XP level 2. HP: 19/19 MP: 6/6
   365 | D:2      | Learned a level 2 spell: Call Imp
   377 | D:2      | Reached skill level 4 in Spellcasting
   411 | D:2      | Gained mutation: You are in touch with the powers of death.
                  | [Mummy growth]
   411 | D:2      | Reached XP level 3. HP: 24/24 MP: 2/8
   415 | D:2      | Learned a level 3 spell: Call Canine Familiar
   584 | D:3      | Found a blossoming altar of Fedhas.
   667 | D:4      | Noticed Blork the orc
   680 | D:4      | Killed Blork the orc
   681 | D:4      | Reached skill level 5 in Spellcasting
   681 | D:4      | Reached XP level 4. HP: 4/30 MP: 2/11
   716 | D:4      | Reached XP level 5. HP: 13/35 MP: 1/13
   749 | D:4      | HP: 1/35 [hound (3)]
   803 | D:4      | Reached skill level 6 in Spellcasting
   991 | D:4      | Learned a level 3 spell: Summon Guardian Golem
  1041 | D:4      | Reached XP level 6. HP: 36/41 MP: 3/15
  1269 | D:5      | Entered Level 5 of the Dungeon
  1269 | D:5      | Noticed Sigmund
  1285 | D:5      | Killed Sigmund
  1286 | D:5      | Reached skill level 3 in Hexes
  1317 | D:5      | Reached XP level 7. HP: 46/46 MP: 10/16
  1679 | D:5      | Learned a level 2 spell: Blink
  1766 | D:5      | Learned a level 4 spell: Summon Lightning Spire
  1822 | D:5      | Reached skill level 6 in Summonings
  1886 | D:5      | Found a hide-covered altar of Uskayaw.
  1959 | D:6      | Found an ancient bone altar of Kikubaaqudgha.
  1960 | D:6      | Found a radiant altar of Vehumet.
  1965 | D:6      | Found a shimmering blue altar of Sif Muna.
  1972 | D:6      | Got Sif Muna's Treatise on Space
  1980 | D:6      | Became a worshipper of Kikubaaqudgha
  2061 | D:6      | Reached XP level 8. HP: 52/52 MP: 6/17
  2115 | D:7      | Noticed Pikel
  2131 | D:7      | Killed Pikel
  2132 | D:7      | Reached skill level 3 in Necromancy
  2132 | D:7      | Reached skill level 3 in Translocations
  2145 | D:7      | Noticed a two-headed ogre
  2155 | D:7      | Reached skill level 7 in Spellcasting
  2365 | D:6      | Reached XP level 9. HP: 19/57 MP: 0/20
  2410 | D:6      | Reached * piety under Kikubaaqudgha
  2410 | D:6      | Received a gift from Kikubaaqudgha
  2509 | D:6      | Learned a level 4 spell: Dispel Undead
  2514 | D:6      | Learned a level 4 spell: Animate Dead
  2648 | D:7      | Reached skill level 8 in Spellcasting
  2693 | D:7      | Shot with an arrow by a centaur

Illustrated notes

Levels and vault maps discovered:
D:1:      erik_arrival_cave_to_civilisation [erik_arrival_cave_to_hall],
          layout_basic, minmay_hexomino_p4
D:2:      layout_basic, uniq_natasha
D:3:      layout_basic, mainiacjoe_overflow_alcove_1, hex_intersection
D:4:      layout_rooms, uniq_blork_the_orc
D:5:      layout_gridville, mainiacjoe_overflow_small_starburst, uniq_sigmund
D:6:      layout_rooms, grunt_temple_overflow_magic_moments, kennysheep_mini,
          serial_undead, serial_undead_f, serial_undead_c, serial_undead_b,
          serial_undead_f, kennysheep_big_empty_room
D:7:      layout_basic, minmay_temple_entry_drinking_statues, serial_shops,
          nicolae_shop_industrial_runoff, grunt_ogre_cave, nzn_random_ring,
          uniq_pikel

Skill      XL: |  1  2  3  4  5  6  7  8  9 |
---------------+----------------------------+-----
Spellcasting   | 3 4 5 6 7 8 |  8.2
Hexes          | 1 2 3 |  3.0
Summonings     | 4 5 6 7 |  7.5
Translocations | 2 3 |  3.0
Necromancy     | 4 |  4.9
Dodging        | |  1.5
Stealth        | |  1.5

Action                     |  1- 3 |  4- 6 |  7- 9 || total
---------------------------+-------+-------+-------++-------
  Melee: Unarmed           |    17 |       |       ||    17
         Short sword       |    44 |    30 |    45 ||   119
         Punch             |     1 |     2 |     1 ||     4
         Whip              |       |       |    25 ||    25
         Spear             |       |       |    14 ||    14
   Cast: Summon Small Mamm |    20 |       |       ||    20
         Call Imp          |     6 |    10 |    12 ||    28
         Call Canine Famil |     4 |    10 |    14 ||    28
         Summon Guardian G |       |     4 |    14 ||    18
         Summon Lightning  |       |       |     5 ||     5
  Evoke: Wand              |       |       |     5 ||     5
    Use: Scroll            |       |     5 |     3 ||     8
   Stab: Sleeping          |     2 |       |       ||     2
         Distracted        |       |       |     1 ||     1
 Armour: Robe              |    19 |    12 |    12 ||    43
  Dodge: Dodged            |    50 |    64 |    98 ||   212
